 Dungeon Crawl Stone Soup version 0.17-a0-1515-gfae3d72 (webtiles) character file.

120544 Redz the Nimble (level 17, -5/108 HPs)
             Began as a Kobold Warper on July 11, 2015.
             Was the Champion of Sif Muna.
             Killed from afar by Aizul (23 damage)
             ... with a poison arrow
             ... on level 3 of the Swamp on July 12, 2015.
             The game lasted 04:02:05 (36006 turns).

Redz the Nimble (Kobold Warper)                    Turns: 36006, Time: 04:02:05

Health: -5/108     AC: 22    Str: 11    XL:     17   Next: 37%
Magic:  28/42      EV: 23    Int: 18    God:    Sif Muna [******]
Gold:   2211       SH:  0    Dex: 19    Spells: 11 memorised, 5 levels left

rFire  + . .     SeeInvis +     I - +5 short sword (venom)
rCold  . . .     Clarity  .     R - quicksilver dragon armour
rNeg   . . .     SustAt   .     (shield restricted)
rPois  .         Gourm    .     w - +2 helmet
rElec  .         Spirit   .     (no cloak)
rCorr  .         Warding  .     W - +1 pair of gloves
rMut   .         Stasis   .     u - +2 pair of boots
MR     ++...                    t - amulet of regeneration
Stlth  ++++......               G - ring of Moucvafi {*Contam +Fly Int+4 Dex+4}
                                H - ring of Seoqoham {Wiz MP+9 Dex-3 SInv}

@: lethally poisoned (-5 -> -15), very resistant to hostile enchantments,
stealthy
A: blurry vision 1, carnivore 3, dopey 1, fire resistance 1, strong 1,
MP-powered wands
a: Channel Energy, Forget Spell, Renounce Religion, Evoke Flight


You were on level 3 of the Swamp.
You worshipped Sif Muna.
Sif Muna was exalted by your worship.
You were not hungry.

You visited 6 branches of the dungeon, and saw 32 of its levels.
You visited the Abyss 1 time.
You also visited: Ossuary.

You collected 2806 gold pieces.
You spent 595 gold pieces at shops.

Inventory:

Hand weapons
 I - a +5 short sword of venom (weapon)
 J - a +3 short sword
Armour
 u - a +2 pair of boots (worn)
 w - a +2 helmet (worn)
 R - a quicksilver dragon armour (worn)
 W - a +1 pair of gloves (worn)
Jewellery
 l - an uncursed ring of poison resistance
 t - an amulet of regeneration (around neck)
 B - an uncursed ring of protection from fire
 G - the ring of Moucvafi (right hand) {*Contam +Fly Int+4 Dex+4}
   (You found it on level 4 of the Dungeon)

   [ring of flight]

   It affects your intelligence (+4).
   It affects your dexterity (+4).
   It lets you fly.
   It causes magical contamination when unequipped.
 H - the ring of Seoqoham (left hand) {Wiz MP+9 Dex-3 SInv}
   (You bought it in a shop on level 4 of the Orcish Mines)

   [ring of wizardry]

   It improves your spell success rate.
   It affects your dexterity (-3).
   It affects your magic capacity (+9).
   It lets you see invisible.
 M - an uncursed ring of invisibility
Magical devices
 a - a wand of flame (33)
 b - a wand of enslavement (16)
 m - a wand of fire (8)
 o - a wand of paralysis (17)
 y - a wand of confusion (47)
 C - a wand of digging (15)
 Q - a wand of cold (6)
Scrolls
 d - 10 scrolls of blinking
 h - 5 scrolls of recharging
 i - 15 scrolls of remove curse
 n - 12 scrolls of identify
 p - 2 scrolls of enchant armour
 x - 2 scrolls of teleportation
 A - 4 scrolls of fear
 F - 4 scrolls of amnesia
 N - 5 scrolls of magic mapping
 O - a scroll of enchant weapon
 Y - 4 scrolls of fog
Potions
 g - 8 potions of haste
 j - 2 potions of brilliance
 k - 11 potions of curing
 r - 2 potions of flight
 v - a potion of invisibility
 D - a potion of cure mutation
 L - 4 potions of might
 S - 2 potions of agility
 T - a potion of berserk rage
 X - a potion of heal wounds
 Z - 4 potions of magic
Books
 c - a book of Spatial Translocations

   Spells                             Type                      Level
   a - Apportation                    Translocation                1
   b - Blink                          Translocation                2
   c - Shroud of Golubria             Charms/Translocation         2
   d - Portal Projectile              Translocation                3
   e - Teleport Other                 Translocation                3
   f - Passage of Golubria            Translocation                4
 e - the Papyrus of Translocation
   (You acquired it on level 7 of the Lair of Beasts)

   Spells                             Type                      Level
   a - Gell's Gravitas                Hexes/Translocation          3
   b - Recall                         Summoning/Translocation      3
   c - Force Lance                    Conjuration/Translocation    4
   d - Warp Weapon                    Charms/Translocation         5
   e - Phase Shift                    Translocation                5
 q - Gucarex's Disquisition on the Assistive Traveller
   (Sif Muna gifted it to you on level 2 of the Swamp)

   Spells                             Type                      Level
   a - Infusion                       Charms                       1
   b - Repel Missiles                 Charms/Air                   2
   c - Portal Projectile              Translocation                3
   d - Summon Forest                  Summoning/Translocation      5
   e - Disjunction                    Translocation                8
Comestibles
 f - 14 meat rations
 s - 6 beef jerkies
 E - 13 slices of pizza
 K - 3 royal jellies


   Skills:
 + Level 12.7 Fighting
 + Level 10.5 Short Blades
 - Level 1.3 Throwing
 + Level 9.3 Armour
 + Level 13.6 Dodging
 - Level 7.0 Stealth
 + Level 12.9 Spellcasting
 - Level 6.0 Charms
 + Level 10.5 Summonings
 + Level 9.8 Translocations


You had 5 spell levels left.
You knew the following spells:

 Your Spells              Type           Power        Failure   Level  Hunger
a - Apportation           Tloc           #####.....   1%          1    None
b - Blink                 Tloc           N/A          1%          2    None
d - Teleport Other        Tloc           #####...     1%          3    None
e - Passage of Golubria   Tloc           N/A          1%          4    #......
f - Gell's Gravitas       Hex/Tloc       ####......   2%          3    None
g - Warp Weapon           Chrm/Tloc      #####.....   6%          5    ####...
h - Phase Shift           Tloc           #####.....   3%          5    ####...
i - Swiftness             Chrm/Air       ###.....     3%          2    None
j - Regeneration          Chrm/Necr      ###.......   4%          3    None
k - Recall                Summ/Tloc      N/A          1%          3    None
l - Summon Forest         Summ/Tloc      #####.....   3%          5    ####...


Dungeon Overview and Level Annotations

Branches:
Dungeon (15/15)            Temple (1/1) D:7            Lair (8/8) D:10
  Swamp (3/4) Lair:5        Snake (0/4) Lair:6        Slime (0/6) Lair:8
    Orc (4/4) D:9             Elf (0/3) Orc:4        Vaults (0/5) D:14
 Depths (1/5) D:15

Altars:
Ashenzari
Cheibriados
Dithmenos
Elyvilon
Fedhas
Gozag
Kikubaaqudgha
Makhleb
Nemelex Xobeh
Okawaru
Qazlal
Ru
Sif Muna
Trog
Vehumet
Xom
Yredelemnul
Zin
The Shining One
Beogh

Shops:
D:8 [(   D:11 !   Orc:1 *   Orc:4 ([*=

Portals:
Trove: D:13 (show abyssal rune of Zot)

Annotations:
D:11 Bikaver's ghost, powerful OgHu
Lair:2 exclusion: oklob plant
Lair:4 exclusion: 3 oklob plants
Swamp:3 Aizul
Abyss:1 Rupert; Urug


Innate Abilities, Weirdness & Mutations

You are small and have problems with some larger weapons.
You are carnivorous and can eat meat at any time.
Scrolls take you a little longer to read.
You are dopey. (Int -2)
Your flesh is heat resistant.
Your muscles are strong. (Str +2)
You expend magic power (3 MP) to strengthen your wands.


Message History

The alligator closely misses you.
The alligator tail-slaps you but does no damage.
You feel roots moving beneath the ground.
The giant leech is hit by a branch!
Your dryad hits Aizul but does no damage.
Found 12 gold pieces.
You enter the passage of Golubria.
A tree reaches out and hits the alligator!
Your dryad closely misses Aizul.
There is a passage of Golubria here.
Casting: Passage of Golubria
Confirm with . or Enter, or press ? or * to list all spells.
Aiming: Passage of Golubria
Press: ? - help, Dir - move target cursor The giant leech is hit by a branch!
Your dryad hits Aizul.
A tree reaches out and hits the giant leech!
Aizul coils himself and waves his upper body at you.
The poison arrow hits you!
You are poisoned.
You die...

....t≈≈≈.. ..≈ ≈..≈..≈≈.♣
###≈≈# ≈≈....≈≈.♣♣♣....≈≈ ♣
≈≈.≈..≈≈≈≈.♣....≈ .♣
≈≈≈≈$§§.≈≈.#.... ..♣
≈≈≈≈≈≈≈≈.♣..###♣#♣.#♣
≈≈≈♣≈≈≈≈.w...♣..♣...♣ ≈
♣♣♣.%≈.w.^.≈.≈≈≈.♣
♣..R≈≈≈.≈@.≈≈≈≈♣♣ ♣♣♣
♣♣..S≈≈≈.t^≈≈≈≈≈.♣ ♣♣♣♣≈♣
♣.≈≈≈≈≈≈...≈≈≈≈≈♣♣ ♣♣≈...♣
♣≈≈≈≈≈≈.♣♣.≈≈≈≈♣♣♣♣♣♣...≈≈.
♣≈≈≈.♣♣♣♣♣♣♣.≈...≈..≈♣≈.≈≈≈
♣.≈.♣♣ ♣♣..≈.≈≈.≈♣♣.≈≈≈
♣.≈.♣ ♣♣.^≈≈≈§≈♣♣.≈≈≈ ♣♣..♣
♣.§≈≈≈..≈..≈≈. ...♣
♣♣.≈≈≈..≈≈♣...≈


You could see Aizul, an alligator, 2 giant leeches and a friendly dryad.

Vanquished Creatures
  Kirke (Lair:7)
  A thorn hunter (Swamp:2)
  2 orc warlords
  Nessos (D:14)
  An ettin (D:14)
  Snorg (D:14)
  A rakshasa (D:15)
  9 hydras
  The ghost of Crag the Hand of Fortune, a powerful HuFi of Nemelex Xobeh (D:11)
  2 ghost crabs
  3 ogre magi
  Erica (Orc:1)
  A queen ant (Lair:5)
  A death yak (D:10)
  3 alligators (Swamp:2)
  3 centaur warriors (D:14)
  4 orc high priests
  3 tengu warriors
  Sonja (D:10)
  Nergalle (D:11)
  A skeletal warrior (D:14)
  A deep elf knight (D:14)
  2 unseen horrors
  5 orc knights
  7 hill giants
  Pikel (D:7)
  A swamp dragon (Swamp:2)
  4 orc sorcerers
  4 ugly things (D:14)
  The ghost of Malak the Thaumaturge, an experienced DESu (D:10)
  A hornet (Swamp:1)
  7 elephants
  A manticore (D:11)
  2 cyclopes
  Joseph (D:7)
  3 black mambas
  Psyche (D:12)
  A kobold demonologist (D:15)
  A torpor snail (Lair:3)
  A gargoyle (D:14)
  9 centaur skeletons
  4 yaktaurs
  6 komodo dragons
  15 spiny frogs
  2 efreet (D:15)
  2 spriggan druids (Lair:8)
  A blue devil (D:13)
  A deep elf priest (D:15)
  A tengu conjurer (D:15)
  9 trolls
  6 giant leeches
  6 polar bears (Lair:8)
  27 blink frogs
  4 bog bodies
  4 two-headed ogres
  A boulder beetle (Lair:8)
  8 slime creatures
  A wolf spider simulacrum (D:14)
  A tarantella (shapeshifter) (Depths:1)
  3 redbacks (Lair:8)
  12 spriggans (Lair:8)
  A vampire (D:15)
  A wyvern (D:11)
  Sigmund (D:2)
  3 shadows
  A centaur simulacrum (D:15)
  A wraith (D:14)
  7 hogs
  4 hungry ghosts
  A deep elf fighter (Orc:3)
  Grum (D:11)
  3 basilisks
  31 yaks
  A steam dragon (D:9)
  10 hippogriffs
  A human (D:11)
  11 swamp worms
  23 wolves
  A mottled dragon (D:11)
  10 soldier ants
  9 insubstantial wisps
  8 wargs
  5 nagas (Lair:6)
  5 swamp drakes
  21 water moccasins
  Duvessa (D:6)
  2 sky beasts
  2 wasps
  5 ice beasts
  7 porcupines
  5 phantoms
  An eye of draining (D:15)
  7 black bears
  15 ogres
  37 orc warriors
  9 crocodiles
  16 centaurs
  A necrophage (D:14)
  2 big kobolds
  The ghost of Redz the Ducker, an average KoWr of Sif Muna (D:3)
  2 brain worms
  A gnoll sergeant (Orc:3)
  18 giant frogs
  A wyvern zombie (D:15)
  Dowan (D:6)
  16 scorpions
  20 killer bees
  8 wights (D:12)
  6 hounds
  8 crimson imps
  32 orc priests
  2 giant frog zombies
  32 orc wizards
  12 iguanas
  17 jellies
  Ijyb (D:3)
  6 centaur zombies
  An iron imp (D:13)
  Jessica (D:2)
  6 giant frog skeletons
  Natasha (twice) (D:3)
  31 worker ants
  22 sheep
  2 big kobold zombies (Ossuary)
  3 mummies (Ossuary)
  2 hound zombies
  A hound skeleton (D:11)
  3 worker ant zombies
  15 adders
  8 gnolls
  8 scorpion zombies (Ossuary)
  2 shadow imps
  48 river rats
  A white imp (D:13)
  An ooze (D:4)
  3 adder skeletons
  An adder zombie (D:5)
  3 worms
  8 giant geckos
  166 orcs
  2 ball pythons
  3 bat skeletons
  5 bat zombies (D:5)
  3 giant cockroaches
  19 hobgoblins
  11 jackals
  21 kobolds
  A quokka (D:3)
  12 bats
  A giant gecko zombie (D:5)
  7 giant newts
  20 goblins
  2 goblin zombies (Ossuary)
  A jackal skeleton (D:9)
  2 jackal zombies (D:5)
  A kobold zombie (Ossuary)
  An orc zombie (Ossuary)
  13 rats
  A briar patch (Swamp:1)
  A butterfly (D:5)
  3 fungi (D:7)
1132 creatures vanquished.

Vanquished Creatures (collateral kills)
  A shambling mangrove (Swamp:2)
  A wasp (Swamp:2)
  4 briar patches (Swamp:2)
6 creatures vanquished.

Vanquished Creatures (others)
  Agnes (D:14)
  A hydra (Lair:7)
  The ghost of ileska the Covert, a powerful HEHu of Ru (Orc:4)
  2 tengu warriors (D:13)
  A spriggan rider (Lair:8)
  A swamp dragon (Swamp:2)
  An ugly thing (D:13)
  A cyclops (D:14)
  A griffon (Lair:8)
  A centaur zombie (D:14)
  An elephant (Lair:8)
  3 gargoyles (D:13)
  A slime creature (Swamp:2)
  A yak (D:9)
  A swamp worm (Swamp:1)
  A swamp drake (Swamp:2)
  2 slaves (D:7)
  An ogre (D:15)
  A centaur (D:15)
  A scorpion (Ossuary)
  An orc wizard (Orc:4)
  An ooze (D:7)
  An orc (D:15)
  A kobold (D:7)
  A gnoll zombie (Ossuary)
  A briar patch (Swamp:1)
  40 fungi
  6 plants
  138 snaplasher vine segments (Swamp:2)
214 creatures vanquished.

Grand Total: 1352 creatures vanquished

Notes
Turn   | Place    | Note
--------------------------------------------------------------
     0 | D:1      | Redz the Kobold Warper began the quest for the Orb.
     0 | D:1      | Reached XP level 1. HP: 12/12 MP: 3/3
    93 | D:1      | Reached XP level 2. HP: 11/17 MP: 5/5
   155 | D:1      | Reached skill level 1 in Stealth
   444 | D:1      | Reached XP level 3. HP: 12/22 MP: 6/6
   648 | D:1      | Learned a level 2 spell: Blink
   651 | D:1      | Learned a level 2 spell: Shroud of Golubria
   677 | D:2      | Found a shimmering altar of Xom.
   713 | D:2      | Noticed Sigmund
   726 | D:2      | Noticed Jessica
   731 | D:2      | Killed Jessica
   731 | D:2      | Reached XP level 4. HP: 27/27 MP: 7/7
  1192 | D:3      | Noticed Redz's ghost (average KoWr)
  1484 | D:2      | Reached skill level 4 in Short Blades
  1592 | D:2      | Found a sacrificial altar of Ru.
  1683 | D:2      | Found a stormy altar of Qazlal.
  1703 | D:2      | Found a faded altar to an unknown god.
  1898 | D:3      | Reached XP level 5. HP: 23/32 MP: 8/8
  1926 | D:3      | Noticed Natasha
  1934 | D:3      | Killed Natasha
  2120 | D:3      | Noticed Ijyb
  2142 | D:3      | Killed Ijyb
  2423 | D:4      | Found a bloodstained altar of Trog.
  2425 | D:4      | Found a sand-covered staircase.
  2445 | Ossuary  | Entered an ossuary
  2490 | Ossuary  | Reached XP level 6. HP: 37/37 MP: 9/9
  2869 | Ossuary  | Reached skill level 5 in Short Blades
  2869 | Ossuary  | Reached XP level 7. HP: 37/43 MP: 10/10
  2887 | Ossuary  | Reached skill level 1 in Armour
  2887 | Ossuary  | Reached skill level 5 in Dodging
  3257 | Ossuary  | Reached skill level 5 in Stealth
  3428 | Ossuary  | Reached XP level 8. HP: 38/48 MP: 8/11
  4055 | D:4      | Learned a level 3 spell: Teleport Other
  4260 | D:4      | Reached skill level 5 in Fighting
  4260 | D:4      | Reached skill level 6 in Short Blades
  4399 | D:4      | Got a crude amber ring
  4519 | D:4      | Noticed a phantom
  4572 | D:4      | Killed a phantom
  4897 | D:5      | Entered Level 5 of the Dungeon
  5151 | D:5      | Identified the ring of Moucvafi {*Contam +Fly Int+4 Dex+4} (You found it on level 4 of the Dungeon)
  5368 | D:5      | Reached skill level 7 in Short Blades
  5368 | D:5      | Reached XP level 9. HP: 52/55 MP: 12/12
  5481 | D:5      | Found a staircase to the Ecumenical Temple.
  5996 | D:6      | Found a glowing golden altar of the Shining One.
  5996 | D:6      | Found a shattered altar of Ashenzari.
  6006 | D:6      | Found a deep blue altar of Sif Muna.
  6007 | D:6      | Found a white marble altar of Elyvilon.
  6007 | D:6      | Found a blossoming altar of Fedhas.
  6017 | D:6      | Found a snail-covered altar of Cheibriados.
  6024 | D:6      | Became a worshipper of Sif Muna the Loreminder
  6240 | D:6      | Noticed Dowan
  6622 | D:6      | Found a radiant altar of Vehumet.
  7070 | D:2      | Killed Sigmund
  7309 | D:3      | Noticed Natasha
  7317 | D:3      | Killed Natasha
  7455 | D:3      | Killed Redz's ghost
  7455 | D:3      | Reached skill level 8 in Short Blades
  7630 | D:7      | Noticed Pikel
  7669 | D:7      | Killed Pikel
  7669 | D:7      | Reached XP level 10. HP: 32/63 MP: 13/15
  7754 | D:7      | Found a staircase to the Ecumenical Temple.
  7785 | D:7      | Noticed Joseph
  7810 | Temple   | Entered the Ecumenical Temple
  8535 | D:7      | Reached skill level 5 in Armour
  8660 | D:6      | Gained mutation: Your muscles are strong. (Str +2) [potion of mutation]
  8660 | D:6      | Gained mutation: Your flesh is heat resistant. [potion of mutation]
  8704 | D:6      | Noticed Duvessa
  8705 | D:6      | Killed Dowan
  8729 | D:6      | Killed Duvessa
  8729 | D:6      | Reached skill level 9 in Short Blades
  8807 | D:7      | Killed Joseph
  8881 | D:8      | Found Sann's Armour Shoppe.
  8924 | D:8      | Found Ateptofra's Assorted Antiques.
  9073 | D:8      | Got a steaming scale mail
  9074 | D:8      | Identified the +2 scale mail "Vootumof" {Int+5} (You found it on level 8 of the Dungeon)
  9137 | D:8      | Found Qaan's Antique Weapon Shop.
  9509 | D:9      | Acquired Sif Muna's first power
  9905 | D:9      | Reached XP level 11. HP: 69/69 MP: 16/18
  9992 | D:9      | Reached skill level 5 in Spellcasting
 10073 | D:9      | Found a staircase to the Orcish Mines.
 10555 | D:9      | Found a basalt altar of Yredelemnul.
 10622 | D:10     | Entered Level 10 of the Dungeon
 10671 | D:10     | Reached skill level 10 in Short Blades
 10756 | D:10     | Noticed Malak's ghost (experienced DESu)
 10809 | D:10     | Found a staircase to the Lair.
 10815 | D:10     | Noticed a death yak
 10822 | D:10     | Noticed a hill giant
 10859 | D:10     | Killed a death yak
 11052 | D:10     | Noticed Sonja
 11054 | D:10     | Killed Sonja
 11054 | D:10     | Acquired Sif Muna's second power
 11767 | D:11     | Noticed Crag's ghost (powerful HuFi)
 11820 | D:11     | Noticed Grum
 11865 | D:11     | Killed Grum
 11909 | D:11     | Noticed a manticore
 11927 | D:11     | Killed a manticore
 11927 | D:11     | Reached skill level 10 in Dodging
 11927 | D:11     | Reached skill level 5 in Translocations
 12066 | D:10     | Reached skill level 1 in Charms
 12118 | Orc:1    | Entered Level 1 of the Orcish Mines
 12118 | Orc:1    | Found Kohoic's General Store.
 12147 | Orc:1    | Reached XP level 12. HP: 76/76 MP: 21/21
 12213 | Orc:1    | Noticed Erica
 12251 | Orc:1    | Killed Erica
 12418 | Orc:2    | Noticed an orc warlord
 12939 | D:10     | Killed a hill giant
 13026 | Lair:1   | Entered Level 1 of the Lair of Beasts
 13413 | Lair:1   | Reached skill level 10 in Fighting
 14716 | Lair:2   | Acquired Sif Muna's third power
 14834 | Lair:3   | Noticed a five-headed hydra
 14901 | Lair:2   | Killed a five-headed hydra
 14901 | Lair:2   | Reached XP level 13. HP: 45/82 MP: 25/25
 15292 | Lair:3   | Identified a +2 rod of destruction (12/12) (You found it on level 3 of the Lair of Beasts)
 15302 | Lair:3   | Learned a level 4 spell: Passage of Golubria
 16245 | Lair:4   | Reached skill level 11 in Dodging
 16504 | Lair:5   | Found a staircase to the Swamp.
 17993 | Lair:6   | Found a staircase to the Snake Pit.
 19150 | Lair:7   | Identified a scroll of acquirement
 19151 | Lair:7   | Identified the Papyrus of Translocation (You acquired it on level 7 of the Lair of Beasts)
 19156 | Lair:7   | Learned a level 3 spell: Gell's Gravitas
 19162 | Lair:7   | Learned a level 5 spell: Warp Weapon
 19168 | Lair:7   | Learned a level 5 spell: Phase Shift
 19217 | Lair:7   | Reached XP level 14. HP: 73/88 MP: 27/27
 19383 | Lair:7   | Reached skill level 10 in Spellcasting
 19756 | Lair:7   | Received a gift from Sif Muna
 19762 | Lair:7   | Learned a level 2 spell: Swiftness
 19963 | Lair:7   | Noticed Kirke
 20259 | Lair:7   | Reached skill level 5 in Charms
 20330 | Lair:8   | Entered Level 8 of the Lair of Beasts
 20360 | Lair:8   | Reached skill level 12 in Dodging
 21384 | Lair:8   | Found a basalt altar of Yredelemnul.
 21398 | Lair:8   | Found a staircase to the Slime Pits.
 21817 | Lair:8   | Upgraded the game from 0.17-a0-1510-gb3fb22e to 0.17-a0-1515-gfae3d72
 21880 | Lair:8   | Reached XP level 15. HP: 40/95 MP: 26/30
 22421 | Lair:7   | Killed Kirke
 22638 | Lair:2   | Noticed a four-headed hydra
 22671 | Lair:2   | Killed a four-headed hydra
 22818 | D:10     | Killed Malak's ghost
 22890 | D:11     | Noticed Bikaver's ghost (powerful OgHu)
 23074 | D:11     | Noticed Nergalle
 23076 | D:11     | Killed Nergalle
 23374 | D:11     | Found Ucongam's Distillery.
 23540 | D:11     | Killed Crag's ghost
 23540 | D:11     | Received a gift from Sif Muna
 23546 | D:11     | Learned a level 3 spell: Regeneration
 23755 | D:12     | Noticed Psyche
 23772 | D:12     | Killed Psyche
 24564 | D:13     | Found a portal to a secret trove of treasure.
 25015 | D:13     | Noticed Urug
 25040 | D:13     | Banished Urug
 25456 | D:14     | Killed an unseen horror
 25534 | D:14     | Noticed Rupert
 25591 | D:14     | Noticed Snorg
 25627 | D:14     | Reached skill level 13 in Dodging
 25733 | D:14     | Noticed Nessos
 25772 | D:14     | Killed Nessos
 26004 | D:14     | Banished Rupert
 26523 | D:15     | Entered Level 15 of the Dungeon
 26615 | D:14     | Killed Snorg
 26644 | D:14     | Reached XP level 16. HP: 48/103 MP: 7/32
 26645 | D:14     | Cast into the Abyss (an ogre mage)
 26645 | Abyss:1  | Found a corrupted altar of Lugonu.
 26646 | Abyss:1  | Found a corrupted altar of Lugonu.
 26750 | Abyss:1  | Found a corrupted altar of Lugonu.
 26882 | D:14     | Escaped the Abyss
 27105 | D:14     | Got a pitted chain mail
 27106 | D:14     | Identified the +1 chain mail "Owiusemu" {rPois MR+ Int+4} (You found it on level 14 of the Dungeon)
 27139 | D:14     | Found a gate to the Vaults.
 27471 | Orc:2    | Killed an orc warlord
 27843 | Orc:1    | Found a roughly hewn altar of Beogh.
 28861 | Orc:4    | Entered Level 4 of the Orcish Mines
 29014 | Orc:4    | Found a staircase to the Elven Halls.
 29042 | Orc:4    | Found a roughly hewn altar of Beogh.
 29044 | Orc:4    | Noticed ileska's ghost (powerful HEHu)
 29079 | Orc:4    | Banished ileska's ghost
 29860 | Orc:4    | Gained mutation: Scrolls take you a little longer to read. [a neqoxec]
 29869 | Orc:4    | Gained mutation: You expend magic power (3 MP) to strengthen your wands. [a neqoxec]
 29995 | Orc:3    | Learned a level 3 spell: Recall
 30138 | Orc:3    | Reached skill level 1 in Summonings
 30431 | Orc:4    | Gained mutation: You are dopey. (Int -2) [a neqoxec]
 31052 | Orc:4    | Found Debixzav's General Store.
 31100 | Orc:4    | Found Voennan's Jewellery Emporium.
 31102 | Orc:4    | Found Onlalam's Antique Armour Shoppe.
 31102 | Orc:4    | Found Jeih's Antique Weapon Shoppe.
 31107 | Orc:4    | Bought a scroll of teleportation for 39 gold pieces
 31108 | Orc:4    | Bought the ring of Seoqoham {Wiz MP+9 Dex-3 SInv} for 349 gold pieces
 31119 | Orc:4    | Bought a faintly humming ring mail for 207 gold pieces
 31121 | Orc:4    | Identified the cursed +1 ring mail of Nobility {rF+ rCorr MP-9 Dex+4} (You bought it in a shop on level 4 of the Orcish Mines)
 31495 | D:15     | Received a gift from Sif Muna
 31524 | D:14     | Reached skill level 5 in Summonings
 32058 | D:15     | Identified Sif Muna's Reference Book on Shape Shifting (Sif Muna gifted it to you on level 15 of the Dungeon)
 32134 | D:15     | Noticed Agnes
 32879 | D:15     | Found a staircase to the Depths.
 33167 | D:14     | Killed Agnes
 33543 | Depths:1 | Entered Level 1 of the Depths
 33878 | Lair:5   | Reached XP level 17. HP: 89/108 MP: 33/33
 33883 | Swamp:1  | Entered Level 1 of the Swamp
 35256 | Swamp:2  | Received a gift from Sif Muna
 35256 | Swamp:2  | Reached skill level 10 in Summonings
 35257 | Swamp:2  | Identified Gucarex's Disquisition on the Assistive Traveller (Sif Muna gifted it to you on level 2 of the Swamp)
 35264 | Swamp:2  | Learned a level 5 spell: Summon Forest
 35987 | Swamp:3  | Noticed Aizul
 36006 | Swamp:3  | Killed from afar by Aizul

Vault maps used:
D:1:      dpeg_arrival_houses_and_road
D:2:      xom_butterflies, lemuel_doored_altar, ecumenical_altar_2,
          hangedman_ru_absence, uniq_sigmund, uniq_jessica
D:3:      serial_bayou_crossing, uniq_iyjb, uniq_natasha
D:4:      overflow_temple_1_default, first_bread, enter_ossuary_1,
          hangedman_abyss_or_decor_passed, fountainhead
D:5:      minmay_temple_entry_butterflies, serial_undead, serial_undead_d,
          serial_undead_b, serial_undead_e, serial_undead_a, serial_undead_c,
          serial_undead_c, serial_undead_e
D:6:      overflow_temple_1_default, grunt_temple_overflow_open,
          minmay_tree_intersection, uniq_duvessa
D:7:      old_forge, minmay_temple_entry_hall, uniq_pikel, uniq_joseph
D:8:      serial_shops, shop, kennysheep_mini, shop
D:9:      nicolae_overflow_hidden_temple
D:10:     lemuel_flame_loot_2, dpeg_lair_monsters, uniq_sonja
D:11:     serial_shops, nicolae_shop_trees, grunt_livestock, uniq_grum,
          uniq_nergalle
D:12:     uniq_psyche
D:13:     kennysheep_demon_hangout, enter_trove_2, uniq_urug
D:14:     hangedman_vaults_entry_quadrant_bands, minmay_strange_pillars,
          lemuel_old_faithful, uniq_snorg, uniq_rupert, uniq_nessos
D:15:     hangedman_depths_entry_civil_slaughter, interstate_on_off, uniq_agnes
Temple:   jpeg_temple_alley_garden_8
Lair:1:   serial_bayou_pond_e, st_stairs_4
Lair:2:   minmay_lair_oklob_items, infiniplex_staircase_pool
Lair:4:   disabler_island
Lair:5:   minmay_swamp_entry_worms, minmay_another_anthill
Lair:6:   minmay_snake_entry_guardpost_medium
Lair:7:   uniq_kirke
Lair:8:   minmay_lair_end_enchanted_forest, minmay_slime_entry_jelly_boxes,
          basic_altar, lemuel_fruit_tree
Swamp:1:  hangedman_swamp_lotus
Swamp:2:  evilmike_swamp_ruin_house_2
Swamp:3:  evilmike_swamp_ruin_house_6, uniq_mara, uniq_aizul, uniq_donald
Orc:1:    basic_altar, serial_shops, shop, nicolae_orc_stony_grotto, uniq_erica
Orc:2:    basic_altar
Orc:3:    nicolae_orc_pool_cavern
Orc:4:    st_orc_congregation, basic_altar
Depths:1: hell_entry, kennysheep_big_empty_room, item_on_display_a,
          grunt_megastairs_3
Ossuary:  ossuary_minmay_scorpions

Action                   |  1- 3 |  4- 6 |  7- 9 | 10-12 | 13-15 | 16-18 || total
-------------------------+-------+-------+-------+-------+-------+-------++-------
Melee: Short sword       |    70 |    97 |   226 |  1034 |  2571 |  2298 ||  6296
       Dagger            |       |   167 |   631 |    75 |    40 |       ||   913
Throw: Tomahawk          |       |       |       |       |     5 |       ||     5
 Cast: Blink             |       |     4 |     5 |       |    10 |     8 ||    27
       Shroud of Golubri |       |     5 |    16 |     5 |     3 |       ||    29
       Teleport Other    |       |       |       |     2 |     1 |     1 ||     4
       Passage of Golubr |       |       |       |       |    17 |    13 ||    30
       Apportation       |       |       |       |       |     1 |       ||     1
       Warp Weapon       |       |       |       |       |    38 |    22 ||    60
       Phase Shift       |       |       |       |       |    23 |    26 ||    49
       Gell's Gravitas   |       |       |       |       |     3 |       ||     3
       Regeneration      |       |       |       |       |     5 |    44 ||    49
       Summon Forest     |       |       |       |       |       |     5 ||     5
       Recall            |       |       |       |       |       |     1 ||     1
Invok: Forget Spell      |       |       |       |       |       |     1 ||     1
Evoke: Wand              |       |       |     1 |     1 |       |       ||     2
  Use: Scroll            |     2 |     7 |     8 |     7 |    12 |     7 ||    43
       Potion            |       |     6 |       |    11 |     5 |     6 ||    28
 Stab: Sleeping          |     2 |    11 |    26 |    68 |    43 |    13 ||   163
       Invisible         |       |     1 |       |       |     3 |     1 ||     5
       Distracted        |       |       |       |     2 |    12 |     8 ||    22
       Fleeing           |       |       |       |       |     1 |       ||     1
       Confused          |       |       |       |       |       |     2 ||     2
  Eat: Chunk             |     7 |     7 |    21 |    29 |    64 |    53 ||   181
